 Dungeon Crawl Stone Soup version 0.19.1 (webtiles) character file.

19989 Darkmans the Unseen (level 12, -9/56 HPs)
             Began as a Spriggan Assassin on Dec 17, 2016.
             Mangled by an entropy weaver (15 damage)
             ... on level 5 of the Lair of Beasts.
             The game lasted 01:05:57 (20377 turns).

Darkmans the Unseen (Spriggan Assassin)            Turns: 20377, Time: 01:05:57

Health: -9/56      AC: -5    Str: 12    XL:     12   Next: 41%
Magic:  0/5        EV: 40    Int: 14    God:
Gold:   932        SH:  0    Dex: 26    Spells: 1 memorised, 10 levels left

rFire  + . .     SeeInvis +     J - +2 short sword (antimagic)
rCold  + . .     Gourm    .     O - +2 robe {rC+ rF+}
rNeg   . . .     Faith    .     (shield restricted)
rPois  .         Spirit   +     (helmet restricted)
rElec  .         Reflect  .     E - +2 cloak
rCorr  .         Harm     .     (gloves unavailable)
MR     ++...                    (boots unavailable)
Stlth  +++++++++.               w - amulet of guardian spirit
                                y - +1 ring of slaying
                                k - ring of stealth

@: mighty, agile, corroded, very quick
A: unfitting armour, see invisible, herbivore 3, speed 3, slow metabolism 2
a: no special abilities


You were on level 5 of the Lair of Beasts.
You were not hungry.

You visited 2 branches of the dungeon, and saw 15 of its levels.
You also visited: Sewer.

You collected 932 gold pieces.

Inventory:

Hand Weapons
 a - a +3 dagger
 b - a +0 blowgun
 J - a +2 antimagic short sword (weapon)
Missiles
 e - 17 poisoned needles
 f - 2 curare-tipped needles
Armour
 c - a +0 robe
 d - a +0 cloak
 E - a +2 cloak (worn)
 O - a +2 robe of resistance (worn)
 V - the +2 hat of the High Council {Archmagi, Wiz- Stlth-}
   (You found it on level 2 of the Lair of Beasts)

   It makes you less stealthy.
Magical Staves
 v - an uncursed staff of wizardry
Rods
 C - a +4 rod of shadows (16/16)
   (You found it on level 5 of the Dungeon)
Jewellery
 k - a ring of stealth (left hand)
 w - an amulet of guardian spirit (around neck)
 y - a +1 ring of slaying (right hand)
 D - an uncursed ring of protection from cold
Wands
 q - a wand of digging (14/24)
 G - a wand of slowing (30/48)
 I - a wand of iceblast (5/15)
 M - a wand of disintegration (9/24)
 P - a wand of paralysis (5/24)
Scrolls
 i - 4 scrolls of magic mapping
 j - a scroll of immolation {unknown}
 l - 2 scrolls of remove curse
 m - 2 scrolls of identify
 n - 2 scrolls of teleportation
 o - 2 scrolls of noise {unknown}
 s - a scroll of recharging
 L - 2 scrolls of amnesia {unknown}
 N - a scroll of random uselessness {unknown}
 S - a scroll of fog
 T - a scroll of brand weapon {unknown}
 W - a scroll of enchant armour
 Y - a scroll of torment {unknown}
Potions
 u - 5 potions of curing
 x - a potion of might
 z - 4 potions of flight
 A - 4 potions of haste
 F - 3 potions of brilliance
 K - 2 potions of lignification
Books
 t - a book of Misfortune

   Spells                             Type                      Level
   a - Confusing Touch                Hexes                        1
   b - Confuse                        Hexes                        3
   c - Gell's Gravitas                Hexes/Translocation          3
   d - Petrify                        Transmutation/Earth          4
   e - Metabolic Englaciation         Hexes/Ice                    5
   f - Yara's Violent Unravelling     Hexes/Transmutation          5
 U - a Young Poisoner's Handbook

   Spells                             Type                      Level
   a - Sting                          Conjuration/Poison           1
   b - Mephitic Cloud                 Conjuration/Poison/Air       3
   c - Olgreb's Toxic Radiance        Poison                       4
   d - Alistair's Intoxication        Transmutation/Poison         5
   e - Venom Bolt                     Conjuration/Poison           5
 X - a book of Maledictions

   Spells                             Type                      Level
   a - Corona                         Hexes                        1
   b - Ensorcelled Hibernation        Hexes/Ice                    2
   c - Confuse                        Hexes                        3
   d - Tukima's Dance                 Hexes                        3
   e - Dazzling Spray                 Conjuration/Hexes            3
 Z - a book of Power

   Spells                             Type                      Level
   a - Fulminant Prism                Conjuration/Hexes            4
   b - Iskenderun's Mystic Blast      Conjuration                  4
   c - Venom Bolt                     Conjuration/Poison           5
   d - Bolt of Magma                  Conjuration/Fire/Earth       5
   e - Iron Shot                      Conjuration/Earth            6
   f - Orb of Destruction             Conjuration                  7
   g - Spellforged Servitor           Conjuration/Summoning        7
Comestibles
 g - 6 bread rations
 p - 3 fruits


   Skills:
 - Level 3.1 Fighting
 - Level 12.0 Short Blades
 - Level 4.6 Throwing
 * Level 15.4 Dodging
 - Level 16.1 Stealth
 - Level 3.0 Conjurations
 + Level 1.4 Poison Magic
 - Level 6.0 Evocations


You had 10 spell levels left.
You knew the following spells:

 Your Spells              Type           Power        Failure   Level  Hunger
a - Sting                 Conj/Pois      #...         14%         1    ##.....


Dungeon Overview and Level Annotations

Branches:
Dungeon (10/15)              Lair (5/6) D:8          Shoals (0/4) Lair:4
 Spider (0/4) Lair:4
 Temple: D:4-7        Slime: Lair:5-6       Orc: D:9-12

Altars:
Ashenzari
Cheibriados
Hepliaklqana
Kikubaaqudgha
Makhleb
Ru
Sif Muna
Trog

Annotations:
D:3 Natasha


Innate Abilities, Weirdness & Mutations

You are very small and have problems with some larger weapons.
You are too small for most types of armour.
You have supernaturally acute eyesight. (SInv)
You are a herbivore.
You cover ground extremely quickly.
You need consume almost no food.


Message History

* * * LOW HITPOINT WARNING * * *
The entropy weaver hits you.
* * * LOW HITPOINT WARNING * * *
Unknown command.
You feel much better.
The entropy weaver gestures wildly while chanting.
The entropic weave corrodes you!
You hit the entropy weaver.
The entropy weaver's magic leaks into the air.
The entropy weaver is almost dead.
You completely miss the entropy weaver.
The entropy weaver is almost dead.
The entropy weaver hits you! x3
* * * LOW HITPOINT WARNING * * *
The entropy weaver hits you.
* * * LOW HITPOINT WARNING * * *
You completely miss the entropy weaver.
The entropy weaver is almost dead.
The entropy weaver hits you!
You die...

.##.5..P.P..P......
.###<.#..P...#...##
..#...#...........#
.#............#...#
.##......♣♣♣.....P#
. #.....♣# #♣..#..#
..##..♣ ♣..a.##
......♣ #♣..#.###
..8.....♣♣♣...#@#.#
#...#.........a..##
+###P.......#..#
.........#.###
P##...#.####
###...## ##...# #
######.## .#
#.#.##.##


You could see an entropy weaver and a soldier ant.

Vanquished Creatures
  Josephine (Lair:4)
  Harold (Lair:3)
  A catoblepas (Lair:5)
  Urug (Lair:4)
  2 hill giants
  A lindwurm (Lair:4)
  Maurice (D:8)
  4 elephants (Lair:4)
  6 spiny frogs
  2 rime drakes
  4 komodo dragons
  2 polar bears
  Prince Ribbit (D:6)
  Grinder (D:6)
  2 hippogriffs (Lair:4)
  2 wyverns
  A spriggan (D:8)
  2 wraiths
  4 basilisks
  16 yaks
  4 water moccasins
  6 soldier ants
  8 porcupines
  A black bear (D:6)
  6 wolves (Lair:3)
  An eye of draining (D:8)
  An ogre (D:4)
  3 phantoms
  3 centaurs
  10 crocodiles
  12 bullfrogs
  2 scorpions
  2 wights (D:7)
  A howler monkey (D:4)
  A crimson imp (D:7)
  A bullfrog zombie (D:7)
  2 jellies
  2 orc priests
  A centaur skeleton (D:10)
  5 hounds
  3 orc wizards
  3 iguanas
  3 hell rats
  9 worker ants
  A hound zombie (D:5)
  A hound skeleton (D:6)
  2 gnolls (D:7)
  2 howler monkey skeletons
  9 adders
  2 shadow imps
  3 oozes
  An adder zombie (D:4)
  4 worms
  A dart slug (D:1)
  6 leopard geckos
  16 orcs
  6 ball pythons
  4 bats
  3 bat zombies (D:8)
  4 giant cockroaches
  4 hobgoblins
  9 jackals
  9 kobolds
  4 quokkas
  A frilled lizard (D:2)
  4 goblins
  A quokka zombie (D:9)
  9 rats
  A rat zombie (D:8)
  A butterfly (Lair:3)
253 creatures vanquished.

Vanquished Creatures (collateral kills)
  A hydra (Lair:4)
  A siren (Lair:4)
  2 yaks (Lair:3)
  A wraith (Lair:3)
  A wight (D:7)
  A centaur zombie (D:5)
  An orc priest (D:6)
  A gnoll shaman (D:7)
  2 hell rats
  3 gnolls (D:7)
  A fungus (Lair:5)
15 creatures vanquished.

Vanquished Creatures (others)
  An orc (D:5)
  14 fungi
  4 plants
19 creatures vanquished.

Grand Total: 287 creatures vanquished

Notes
Turn   | Place    | Note
-------+----------+-------------------------------------------
     0 | D:1      | Darkmans the Spriggan Assassin began the quest for the Orb.
     0 | D:1      | Reached XP level 1. HP: 10/10 MP: 2/2
    26 | D:1      | Reached skill level 6 in Stealth
   374 | D:1      | Reached XP level 2. HP: 14/14 MP: 3/3
  1112 | D:2      | Reached XP level 3. HP: 14/18 MP: 4/4
  1164 | D:2      | Found a burning altar of Makhleb.
  1484 | D:2      | Found a sacrificial altar of Ru.
  1560 | D:3      | Reached XP level 4. HP: 23/23 MP: 5/5
  1642 | D:3      | Found a glowing drain.
  1688 | Sewer    | Entered a sewer
  1916 | Sewer    | Noticed a big kobold
  2372 | D:3      | Noticed Natasha
  2624 | D:4      | Reached XP level 5. HP: 28/28 MP: 6/6
  2651 | D:4      | Noticed an ogre
  2695 | D:4      | Noticed a phantom
  2698 | D:4      | Killed a phantom
  2698 | D:4      | Reached skill level 7 in Stealth
  2853 | D:4      | Reached skill level 5 in Short Blades
  2853 | D:4      | Reached XP level 6. HP: 27/32 MP: 0/7
  2984 | D:4      | Found a faded altar of an unknown god.
  2984 | D:4      | Found a faded altar of an unknown god.
  3016 | D:4      | Found a faded altar of an unknown god.
  3022 | D:4      | Found a hazy altar of Hepliaklqana.
  3024 | D:4      | Found a faded altar of an unknown god.
  3099 | D:4      | Reached skill level 8 in Stealth
  3508 | D:5      | Entered Level 5 of the Dungeon
  3903 | D:5      | Reached XP level 7. HP: 36/36 MP: 8/8
  4246 | D:5      | Reached skill level 9 in Stealth
  4250 | D:5      | Identified a +4 rod of shadows (16/16) (You found it on level 5 of the Dungeon)
  4337 | D:6      | Noticed Prince Ribbit
  4342 | D:6      | Killed Prince Ribbit
  4381 | D:6      | Noticed Grinder
  4388 | D:6      | Killed Grinder
  4388 | D:6      | Reached skill level 10 in Stealth
  4488 | D:6      | Reached XP level 8. HP: 38/40 MP: 9/9
  5081 | D:6      | Reached skill level 11 in Stealth
  6453 | D:7      | Reached skill level 12 in Stealth
  6655 | D:7      | Noticed a hill giant
  6659 | D:7      | Killed a hill giant
  6659 | D:7      | Reached skill level 13 in Stealth
  6659 | D:7      | Reached XP level 9. HP: 44/44 MP: 10/10
  7066 | D:8      | Found a bloodstained altar of Trog.
  7166 | D:8      | Found a shattered altar of Ashenzari.
  7240 | D:8      | Found a snail-covered altar of Cheibriados.
  7394 | D:8      | Reached skill level 10 in Short Blades
  7453 | D:8      | Noticed Maurice
  7460 | D:8      | Killed Maurice
  7460 | D:8      | Reached skill level 14 in Stealth
  7758 | D:8      | Found a staircase to the Lair.
  7804 | D:8      | Found an ancient bone altar of Kikubaaqudgha.
  7928 | D:9      | Found a deep blue altar of Sif Muna.
  8738 | D:10     | Entered Level 10 of the Dungeon
  8950 | D:10     | Reached skill level 15 in Stealth
  8966 | D:10     | Reached XP level 10. HP: 48/49 MP: 3/11
  9687 | D:10     | Noticed a hill giant
  9744 | D:10     | Noticed a hill giant
  9815 | D:10     | Killed a hill giant
 10279 | Lair:1   | Entered Level 1 of the Lair of Beasts
 10604 | Lair:1   | Noticed a spiny frog
 10607 | Lair:1   | Reached skill level 16 in Stealth
 10614 | Lair:1   | Killed a spiny frog
 10728 | Lair:1   | Noticed a spiny frog
 10730 | Lair:1   | Reached skill level 5 in Dodging
 10776 | Lair:1   | Noticed a spiny frog
 11404 | Lair:2   | Noticed a spiny frog
 11407 | Lair:2   | Killed a spiny frog
 11703 | Lair:2   | Reached XP level 11. HP: 52/52 MP: 12/12
 12015 | Lair:3   | Learned a level 1 spell: Sting
 12324 | Lair:3   | Noticed Harold
 12386 | Lair:3   | Killed Harold
 12386 | Lair:3   | Reached skill level 1 in Conjurations
 12988 | Lair:4   | Found a hole to the Spider Nest.
 13482 | Lair:4   | Reached skill level 10 in Dodging
 13622 | Lair:4   | Noticed Josephine
 13630 | Lair:4   | Killed Josephine
 15358 | Lair:4   | Noticed a lindwurm
 15394 | Lair:4   | Killed a lindwurm
 15394 | Lair:4   | Reached skill level 1 in Evocations
 17140 | Lair:5   | Noticed a catoblepas
 17965 | Lair:4   | Noticed Urug
 17972 | Lair:4   | Killed Urug
 17972 | Lair:4   | Reached XP level 12. HP: 56/56 MP: 16/16
 17978 | Lair:4   | Found a staircase to the Shoals.
 18249 | Lair:5   | Noticed an entropy weaver
 18253 | Lair:5   | Noticed an entropy weaver
 18253 | Lair:5   | Noticed a queen ant
 18547 | Lair:4   | Reached skill level 5 in Evocations
 18854 | Lair:4   | Noticed a six-headed hydra
 19477 | Lair:4   | Killed a six-headed hydra
 19865 | Lair:4   | Reached skill level 15 in Dodging
 19977 | Lair:5   | Killed a catoblepas
 20110 | Lair:4   | Reached skill level 1 in Poison Magic
 20373 | Lair:5   | HP: 2/56 [entropy weaver (6)]
 20377 | Lair:5   | Mangled by an entropy weaver

Skill      XL: |  1  2  3  4  5  6  7  8  9 10 11 12 |
---------------+-------------------------------------+-----
Stealth        | 6 7 8 10 13 15 16 | 16.1
Short Blades   | 3 4 5 6 7 9 11 12 | 12.0
Fighting       | 2 3 |  3.1
Dodging        | 7 13 15 | 15.4
Throwing       | 4 |  4.6
Conjurations   | 3 |  3.0
Evocations     | 4 6 |  6.0
Poison Magic   | 1 |  1.4

Action                   |  1- 3 |  4- 6 |  7- 9 | 10-12 || total
-------------------------+-------+-------+-------+-------++-------
Melee: Dagger            |    64 |   159 |   256 |  1183 ||  1662
       Short sword       |       |       |   139 |    74 ||   213
 Fire: Blowgun           |    10 |    18 |       |    53 ||    81
 Cast: Sting             |       |       |       |    20 ||    20
Evoke: Wand              |       |     9 |     1 |    20 ||    30
       Rod               |       |       |     8 |    21 ||    29
  Use: Potion            |       |     3 |       |    10 ||    13
       Scroll            |       |     4 |     8 |     9 ||    21
 Stab: Sleeping          |    11 |    14 |    27 |    32 ||    84
       Distracted        |       |     1 |     3 |     7 ||    11
       Paralysed         |       |       |     1 |     4 ||     5
  Eat: Fruit             |       |       |     4 |     4 ||     8
       Bread ration      |       |       |     1 |     2 ||     3
       Pizza             |       |       |       |     3 ||     3
Armor: Robe              |     5 |    20 |    33 |    53 ||   111
Dodge: Dodged            |    53 |   102 |   190 |   862 ||  1207
